Map: Cactus Valley LE (Void)

Players

Musumeci - Winner!

  • Race: Zerg Zerg
  • League: Diamond
  • Spawn Location: 11:00

guacamole

  • Race: Protoss Protoss
  • League: Diamond
  • Spawn Location: 5:00

VOD

Have the link to the VOD?

Description

Time

  • Played on: March 23, 2017, 7:12 p.m.
  • Length: 12:18
Show
View Real Time Build Order
Export as new Build Order

Musumeci Zerg - Winner!

Build Orders: Hatch First 

Get SALT Encoding   

  12  0:01  Drone  
  13  0:08  Drone  
  14  0:16  Extractor  
  14  0:19  Overlord  
  13  0:24  Drone  
  15  0:37  Drone x2  
  17  0:56  Hatchery  
  16  0:59  Drone  
  17  1:06  Drone  
  17  1:09  Extractor  
  17  1:23  Spawning Pool  
  17  1:24  Drone x2  
  18  1:31  Overlord  
  18  1:43  Drone  
  19  1:48  Drone  
  20  1:59  Drone  
  21  2:10  Queen x2  
  21  2:12  Metabolic Boost  
  25  2:16  Zergling x2  
  25  2:20  Drone  
  27  2:24  Drone  
  27  2:25  Drone  
  29  2:30  Drone  
  29  2:31  Drone  
  31  2:40  Drone  
  32  2:46  Drone  
  32  2:51  Drone  
  34  2:53  Drone  
  35  3:02  Hatchery  
  33  3:10  Drone x2  
  35  3:14  Evolution Chamber  
  34  3:29  Drone  
  34  3:30  Overlord  
  34  3:31  Overlord  
  35  3:44  Extractor  
  35  3:45  Roach Warren  
  33  3:50  Drone x3  
  33  3:51  Extractor  
  33  3:52  Overlord  
  33  3:54  Overlord  
  35  3:56  Overlord x2  
  35  3:57  Drone x5  
  40  4:04  Queen  
  42  4:13  Zergling x4  
  44  4:17  Zergling x2  
  44  4:23  Baneling Nest  
  44  4:24  Roach x2  
  44  4:26  Roach  
  44  4:27  Roach  
  52  4:39  Drone x7  
  59  5:00  Drone  
  59  5:01  Drone x7  
  59  5:03  Extractor, Ravager  
  59  5:04  Ravager  
  67  5:30  Baneling x4  
  67  5:35  Drone x11  
  78  5:39  Lair  
  78  5:43  Extractor  
  77  5:54  Pneumatized Carapace  
  77  5:59  Zerg Missile Weapons Level 1  
  77  6:07  Drone x2  
  77  6:08  Drone, Extractor  
  77  6:10  Roach x5  
  89  6:13  Overlord x3  
  89  6:14  Overlord x2  
  89  6:31  Drone  
  89  6:32  Drone x7  
  97  6:57  Drone  
  97  6:58  Roach x8  
  113  7:19  Roach  
  113  7:20  Roach x3  
  120  7:22  Overlord  
  120  7:23  Overlord x3  
  120  7:26  Zergling x2  
  121  7:31  Spore Crawler  
  121  7:32  Zergling x2  
  122  7:42  Ravager x5  
  122  7:43  Glial Reconstitution  
  127  7:51  Hatchery  
  126  8:01  Spore Crawler  
  126  8:02  Spore Crawler  
  126  8:03  Spore Crawler  
  123  8:35  Baneling x4  
  123  8:36  Zergling x2  
  123  8:37  Zergling x34  
  141  8:43  Centrifical Hooks  
  141  8:46  Zerg Missile Weapons Level 2  
  141  8:50  Evolution Chamber  
  141  8:52  Ravager x13  
  149  9:38  Roach x8  
  130  9:39  Roach x8  
  141  10:02  Baneling x7  
  141  10:03  Baneling  
  141  10:04  Baneling x5  
  141  10:06  Roach  
  148  10:07  Roach x8  
  127  10:36  Zergling x2  
  127  10:37  Zergling x20  
  114  10:52  Roach x3  
  114  10:53  Roach x2  
  96  11:13  Zergling x16  
  96  11:14  Overlord x3  
  102  11:42  Overseer x2  
  102  11:48  Zergling x4  
  102  11:49  Zergling x26  
  117  12:02  Extractor  
  117  12:03  Extractor  
Show
View Real Time Build Order
Export as new Build Order

guacamole Protoss 

Build Orders: 1 Gate Expand 

Get SALT Encoding   

  12  0:00  Probe (Chrono Boost)  
  13  0:11  Probe (Chrono Boost)  
  14  0:21  Pylon  
  14  0:22  Probe (Chrono Boost)  
  15  0:39  Gateway  
  15  0:49  Probe (Chrono Boost)  
  16  0:51  Assimilator  
  16  1:00  Probe (Chrono Boost)  
  17  1:11  Probe (Chrono Boost)  
  18  1:20  Nexus  
  18  1:32  Cybernetics Core  
  18  1:37  Probe (Chrono Boost)  
  19  1:47  Assimilator, Probe (Chrono Boost)  
  20  1:58  Probe (Chrono Boost)  
  21  2:09  Probe (Chrono Boost)  
  21  2:11  Warp Gate  
  22  2:16  Pylon  
  22  2:20  Probe (Chrono Boost)  
  23  2:23  Twilight Council  
  23  2:32  Adept  
  23  2:37  Probe x2 (Chrono Boost)  
  27  2:48  Mothership Core (Chrono Boost)  
  27  2:49  Probe (Chrono Boost)  
  30  2:57  Forge  
  30  3:02  Resonating Glaives  
  30  3:03  Gateway  
  30  3:12  Probe x2 (Chrono Boost)  
  32  3:17  Protoss Ground Weapons Level 1  
  32  3:21  Adept  
  32  3:25  Probe (Chrono Boost)  
  36  3:27  Probe (Chrono Boost)  
  36  3:37  Probe (Chrono Boost)  
  36  3:39  Probe (Chrono Boost)  
  39  3:49  Probe (Chrono Boost)  
  39  3:51  Probe (Chrono Boost)  
  39  3:54  Gateway  
  40  4:00  Pylon  
  40  4:01  Probe (Chrono Boost)  
  42  4:04  Probe (Chrono Boost)  
  42  4:16  Sentry x2  
  46  4:20  Probe x2 (Chrono Boost)  
  46  4:22  Pylon  
  50  4:32  Probe x2 (Chrono Boost)  
  50  4:48  Robotics Facility  
  49  4:53  Nexus  
  49  4:55  Pylon  
  49  4:59  Sentry x2  
  53  5:00  Adept  
  53  5:04  Probe (Chrono Boost)  
  53  5:05  Probe (Chrono Boost)  
  53  5:06  Assimilator  
  57  5:09  Pylon x2, Assimilator  
  57  5:22  Pylon  
  57  5:26  Protoss Ground Weapons Level 2  
  57  5:28  Adept x3  
  63  5:35  Immortal  
  65  5:36  Probe x2 (Chrono Boost)  
  69  5:48  Probe x2 (Chrono Boost)  
  71  5:52  Adept x2  
  75  5:58  Adept  
  77  6:11  Observer  
  77  6:13  Probe (Chrono Boost)  
  77  6:14  Probe (Chrono Boost)  
  77  6:15  Probe (Chrono Boost)  
  81  6:20  Gateway  
  81  6:23  Gateway  
  81  6:30  Warp Prism  
  81  6:32  Adept x3  
  83  6:34  Charge  
  89  6:40  Probe (Chrono Boost)  
  89  6:42  Probe x2 (Chrono Boost)  
  92  6:57  Stalker  
  94  7:04  Probe (Chrono Boost)  
  94  7:05  Probe x2 (Chrono Boost)  
  94  7:06  Assimilator  
  97  7:10  Assimilator  
  96  7:18  Immortal  
  96  7:20  Probe x2 (Chrono Boost)  
  96  7:26  Adept x3  
  106  7:36  Protoss Ground Weapons Level 3  
  106  7:41  Adept  
  109  7:46  Probe (Chrono Boost)  
  109  7:50  Templar Archives  
  109  7:54  Pylon  
  109  7:56  Pylon  
  109  7:57  Pylon  
  109  8:07  Immortal  
  109  8:12  Probe (Chrono Boost)  
  116  8:14  Probe x2 (Chrono Boost)  
  116  8:17  Pylon  
  116  8:23  Gateway  
  105  8:34  High Templar x5  
  111  8:38  Archon x2  
  111  8:39  Gateway  
  111  8:40  Gateway  
  115  8:44  Psionic Storm  
  115  8:47  Gateway  
  115  8:48  Immortal  
  115  8:49  Gateway  
  115  8:53  Pylon  
  119  9:02  Probe (Chrono Boost)  
  122  9:04  Probe x2 (Chrono Boost)  
  122  9:12  Stalker  
  122  9:16  Probe (Chrono Boost)  
  125  9:20  Adept  
  125  9:21  Adept  
  125  9:22  Archon x2  
  125  9:23  Archon  
  125  9:24  Adept x2  
  121  9:35  Adept x2  
  103  9:44  Adept x5  
  86  9:51  Probe (Chrono Boost)  
  77  9:53  Probe x2 (Chrono Boost)  
  67  10:04  High Templar x2  
  67  10:05  High Templar x2, Probe (Chrono Boost)  
  72  10:07  Adept x3  
  72  10:12  Archon x2  
  71  10:31  Adept x3  
  67  10:45  Adept x4  
  69  10:57  Adept x2  
  57  11:07  Probe (Chrono Boost)  
  57  11:08  Probe (Chrono Boost)  
  58  11:13  Sentry  
  58  11:15  Adept  
  62  11:20  Probe (Chrono Boost)  
  63  11:29  Probe (Chrono Boost)  
  64  11:33  Pylon  
  64  11:35  Adept x3  
  70  11:45  Adept x2  
  72  11:57  Adept x4  
  80  12:06  Adept x2  
Tags
 
Add a new tag
Caveats
  • Supply blocks, unpowered buildings, or Contaminate may cause inaccurate times.
  • Supply counts are checked every 10 seconds.